Stars vs Islanders

Created - Thursday, October 23, 2014 at 23:03

Goals
1 2 3 T
Stars 0 1 1 2
Islanders 2 0 1 3
Shots
1 2 3 T
Stars 9 5 17 31
Islanders 12 14 11 37

1st period

1. Islanders , Tyler Ennis 2 (Carl Hagelin, David Krejci) at 9:51 (PP)
2. Islanders , Tyler Ennis 3 (Jamie Benn, David Krejci) at 11:09

Penalties :
Erik Karlsson (NYI) for Hooking (Minor) at 3:52, Brett Ritchie (Dal) for Tripping (Minor) at 9:40

2nd period

3. Stars , Eric Brewer 3 (Daniel Cleary, Robin Lehner) at 17:27 (PP)

Penalties :
Erik Haula (Dal) for Roughing (Minor) at 1:36, Erik Haula (Dal) for Tripping (Minor) at 6:56, Jarret Stoll (NYI) for Interference (Minor) at 14:44, Jarret Stoll (NYI) for Hooking (Minor) at 17:16, Eric Brewer (Dal) for Holding (Minor) at 18:51

3rd period

4. Islanders , Jamie Benn 3 (Chris Kunitz, Erik Karlsson) at 9:21
5. Stars , Joe Corvo 2 (Daniel Cleary, Michael Ryder) at 15:22 (PP)

Penalties :
Jake Muzzin (NYI) for Hooking (Minor) at 5:46, Brett Ritchie (Dal) for Hooking (Minor) at 8:30, Joe Pavelski (NYI) for Hooking (Minor) at 8:59, Carl Hagelin (NYI) for High sticking (Minor) at 14:12, John Moore (Dal) for Interference (Minor) at 16:00

Goalie Stats

Robin Lehner (Dal), 34 saves from 37 shots - (0.919), L, 1-5-0, 59:18 minutes
Braden Holtby (NYI), 29 saves from 31 shots - (0.935), W, 2-5-0, 60:00 minutes

Players Stats for Stars

Player Name              G  A  P  +/- PIM S  H  SB GA TA FO     MP     PP MP  PK MP  
------------------------------------------------------------------------------------
Aaron Johnson            0  0  0  -1  0   3  1  2  0  1  0/0    21:29   3:20   4:34 
Brandon Kozun            0  0  0   0  0   0  1  0  0  0  0/0     6:45   0:00   0:00 
Brett Ritchie            0  0  0   0  4   1  0  0  0  0  0/0    13:43   0:24   0:00 
Brian Boyle              0  0  0  -2  0   4  2  1  1  1  5/12   22:12   4:09   6:53 
Bruno Gervais            0  0  0   0  0   0  1  0  0  1  0/0     4:44   0:00   0:00 
Cory Conacher            0  0  0   0  0   1  2  0  2  0  0/3    17:37   3:14   1:43 
Daniel Cleary            0  2  2  -1  0   5  2  2  2  0  0/1    13:13   4:09   1:03 
Dmitry Orlov             0  0  0   0  0   0  0  2  0  1  0/0    15:43   0:00   2:01 
Eric Brewer              1  0  1  -1  2   2  0  0  0  0  0/0    25:21   3:20   3:43 
Erik Haula               0  0  0   0  4   0  0  0  2  0  0/6    12:46   0:00   0:00 
Ian Cole                 0  0  0   0  0   0  2  1  0  1  0/0    11:50   0:00   0:00 
Joe Corvo                1  0  1  -1  0   2  0  1  0  1  0/0    21:56   4:27   4:02 
John Moore               0  0  0  -1  2   3  1  1  0  2  0/0    20:45   4:27   2:52 
Michael Ryder            0  1  1  -2  0   0  1  0  0  0  4/13   25:10   3:52   5:37 
Miikka Salomaki          0  0  0   0  0   1  0  0  0  0  0/1     8:39   0:24   0:40 
Patrick Eaves            0  0  0   0  0   3  0  0  1  2  0/0    15:54   3:14   0:00 
Rob Klinkhammer          0  0  0   0  0   5  2  0  4  0  0/5    16:06   1:20   0:00 
Zach Sill                0  0  0   0  0   1  4  0  0  2  5/9    15:50   2:35   1:16 

Players Stats for Islanders

Player Name              G  A  P  +/- PIM S  H  SB GA TA FO     MP     PP MP  PK MP  
------------------------------------------------------------------------------------
Carl Hagelin             0  1  1   0  2   1  0  0  1  0  0/0    15:15   3:38   0:00 
Chris Kunitz             0  1  1   1  0   0  0  0  0  0  3/4    18:25   4:58   1:08 
Colton Sceviour          0  0  0   0  0   1  0  0  2  0  1/1    10:28   0:00   0:00 
Craig Adams              0  0  0   0  0   0  0  1  0  0  1/1    15:27   0:00   5:29 
David Krejci             0  2  2   1  0   1  2  0  2  2  8/10   15:57   3:38   1:39 
Erik Karlsson            0  1  1   2  2   5  3  0  0  1  0/0    23:47   6:10   0:29 
Jake Muzzin              0  0  0   0  2   3  1  0  0  0  0/0    15:08   2:26   0:00 
Jamie Benn               1  1  2   2  0   3  3  0  3  0  1/2    16:33   4:58   0:10 
Jarret Stoll             0  0  0   0  4   0  2  0  3  0  8/9    15:17   0:00   4:17 
Joe Pavelski             0  0  0   0  2   7  1  0  2  0  10/18  17:10   4:57   0:31 
Kyle Quincey             0  0  0   0  0   1  1  0  0  0  0/0    17:38   0:00   3:30 
Lauri Korpikoski         0  0  0   0  0   2  2  0  3  0  0/0    11:49   0:00   1:10 
Marcel Goc               0  0  0   0  0   1  0  0  1  0  4/5    10:27   0:00   1:10 
Matt Martin              0  0  0   0  0   2  5  0  1  0  0/0     8:46   0:00   0:00 
Paul Martin              0  0  0   2  0   3  1  5  0  2  0/0    26:54   6:10   3:59 
Rob Scuderi              0  0  0   0  0   2  0  0  0  0  0/0    16:04   0:00   3:48 
Travis Hamonic           0  0  0   0  0   1  1  0  0  1  0/0    21:09   2:26   3:48 
Tyler Ennis              2  0  2   1  0   4  1  0  3  0  0/0    14:18   3:38   0:00 

3 Stars

1 - Jamie Benn (NYI)
2 - Tyler Ennis (NYI)
3 - David Krejci (NYI)

Power Play

Stars - 2 on 6 Attempt(s) - 33.33%
Islanders - 1 on 6 Attempt(s) - 16.67%

Penalty Kill

Stars - 5 on 6 Attempt(s) - 83.33% - Score 0 goal in Penalty Kill
Islanders - 4 on 6 Attempt(s) - 66.67% - Score 0 goal in Penalty Kill

Official

Referees : Unknown
Linesman : Unknown

Game Notes

Zach Sill is injured at 13:41 of 3rd period (Sore Right Knee)

Finance

Level 1 -- Attendance: 4196 (69.93%) -- Ticket Income $419,600
Level 2 -- Attendance: 3654 (73.08%) -- Ticket Income $237,510
Level 3 -- Attendance: 1220 (61.00%) -- Ticket Income $54,900
Level 4 -- Attendance: 2440 (61.00%) -- Ticket Income $73,200
Luxury Box -- Attendance: 720 (72.00%) -- Ticket Income $144,000
Game was played at the Nassau Coliseum
Total Attendance: 12230 (67.94%)
Total Ticket Income: $929,210
Other Income: $455,313
Total Income: $1,384,523

Stars

5 vs 5 Forward 
   Center                   Left Wing                Right Wing               Time % Phy DF OF 
 1 Brian Boyle              Michael Ryder            Daniel Cleary            35     1   2  2  
 2 Zach Sill                Cory Conacher            Patrick Eaves            30     1   2  2  
 3 Erik Haula               Rob Klinkhammer          Brett Ritchie            22     1   2  2  
 4 Michael Ryder            Miikka Salomaki          Brandon Kozun            13     1   2  2  

5 vs 5 Defense 
   Defense                  Defense                                           Time % Phy DF OF 
 1 Eric Brewer              Aaron Johnson                                     35     1   2  2  
 2 John Moore               Joe Corvo                                         30     1   2  2  
 3 Ian Cole                 Dmitry Orlov                                      22     1   2  2  
 4 Bruno Gervais            Eric Brewer                                       13     1   2  2  

PowerPlay Forward 
   Center                   Left Wing                Right Wing               Time % Phy DF OF 
 1 Brian Boyle              Michael Ryder            Daniel Cleary            60     1   2  2  
 2 Zach Sill                Cory Conacher            Patrick Eaves            40     1   2  2  

PowerPlay Defense
   Defense                  Defense                                           Time % Phy DF OF 
 1 Eric Brewer              Aaron Johnson                                     60     1   2  2  
 2 John Moore               Joe Corvo                                         40     1   2  2  

Penalty Kill 4 Players Forward 
   Center                   Wing                     Time % Phy DF OF 
 1 Michael Ryder            Brian Boyle              60     1   2  2  
 2 Daniel Cleary            Cory Conacher            40     1   2  2  

Penalty Kill 4 Players Defense
   Defense                  Defense                  Time % Phy DF OF 
 1 Eric Brewer              Aaron Johnson            60     1   2  2  
 2 John Moore               Joe Corvo                40     1   2  2  

Penalty Kill - 3 Players Forward 
   Forward                                           Time % Phy DF OF 
 1 Michael Ryder                                     60     1   2  2  
 2 Brian Boyle                                       40     1   2  2  

Penalty Kill - 3 Players Defense
   Defense                  Defense                  Time % Phy DF OF 
 1 Eric Brewer              Aaron Johnson            60     1   2  2  
 2 John Moore               Joe Corvo                40     1   2  2  

4 vs 4 Forward 
   Center                   Wing                     Time % Phy DF OF 
 1 Michael Ryder            Brian Boyle              60     1   2  2  
 2 Daniel Cleary            Cory Conacher            40     1   2  2  

4 vs 4 Defense
   Defense                  Defense                  Time % Phy DF OF 
 1 Eric Brewer              Aaron Johnson            60     1   2  2  
 2 John Moore               Joe Corvo                40     1   2  2  

Last Minutes Offensive
   Center                   Left Wing                Right Wing               Defense                  Defense                  
   Brian Boyle              Michael Ryder            Daniel Cleary            Eric Brewer              Aaron Johnson            

Last Minutes Defensive
   Center                   Left Wing                Right Wing               Defense                  Defense                  
   Brian Boyle              Michael Ryder            Daniel Cleary            Eric Brewer              Aaron Johnson            

Goaltenders
Starting : Robin Lehner             
Backup : Joacim Eriksson          

Extra Forwards
Normal : Rob Klinkhammer, Brett Ritchie, Miikka Salomaki - PP : Rob Klinkhammer, Brett Ritchie - PK : Miikka Salomaki
Extra Defensemen
Normal : Ian Cole, Dmitry Orlov, Bruno Gervais - PP : Ian Cole - PK : Dmitry Orlov, Bruno Gervais
Penalty Shots
Michael Ryder, Brian Boyle, Daniel Cleary, Cory Conacher, Patrick Eaves

Islanders

5 vs 5 Forward 
   Center                   Left Wing                Right Wing               Time % Phy DF OF 
 1 Joe Pavelski             Chris Kunitz             Carl Hagelin             35     1   3  1  
 2 David Krejci             Jamie Benn               Tyler Ennis              30     1   2  2  
 3 Jarret Stoll             Lauri Korpikoski         Colton Sceviour          22     1   2  2  
 4 Marcel Goc               Craig Adams              Matt Martin              13     1   2  2  

5 vs 5 Defense 
   Defense                  Defense                                           Time % Phy DF OF 
 1 Erik Karlsson            Paul Martin                                       37     1   3  1  
 2 Travis Hamonic           Kyle Quincey                                      32     1   3  1  
 3 Jake Muzzin              Rob Scuderi                                       28     1   3  1  
 4 Travis Hamonic           Erik Karlsson                                     3      1   3  1  

PowerPlay Forward 
   Center                   Left Wing                Right Wing               Time % Phy DF OF 
 1 Joe Pavelski             Chris Kunitz             Jamie Benn               60     1   2  2  
 2 David Krejci             Tyler Ennis              Carl Hagelin             40     1   2  2  

PowerPlay Defense
   Defense                  Defense                                           Time % Phy DF OF 
 1 Erik Karlsson            Paul Martin                                       60     1   2  2  
 2 Travis Hamonic           Jake Muzzin                                       40     1   2  2  

Penalty Kill 4 Players Forward 
   Center                   Wing                     Time % Phy DF OF 
 1 Jarret Stoll             Craig Adams              60     1   2  2  
 2 Marcel Goc               Lauri Korpikoski         40     1   2  2  

Penalty Kill 4 Players Defense
   Defense                  Defense                  Time % Phy DF OF 
 1 Travis Hamonic           Rob Scuderi              60     1   2  2  
 2 Kyle Quincey             Paul Martin              40     1   2  2  

Penalty Kill - 3 Players Forward 
   Forward                                           Time % Phy DF OF 
 1 Jarret Stoll                                      60     1   2  2  
 2 Marcel Goc                                        40     1   2  2  

Penalty Kill - 3 Players Defense
   Defense                  Defense                  Time % Phy DF OF 
 1 Travis Hamonic           Rob Scuderi              60     1   2  2  
 2 Kyle Quincey             Paul Martin              40     1   2  2  

4 vs 4 Forward 
   Center                   Wing                     Time % Phy DF OF 
 1 Joe Pavelski             Jamie Benn               60     1   2  2  
 2 David Krejci             Chris Kunitz             40     1   2  2  

4 vs 4 Defense
   Defense                  Defense                  Time % Phy DF OF 
 1 Erik Karlsson            Paul Martin              60     1   2  2  
 2 Travis Hamonic           Kyle Quincey             40     1   2  2  

Last Minutes Offensive
   Center                   Left Wing                Right Wing               Defense                  Defense                  
   Joe Pavelski             Chris Kunitz             Jamie Benn               Erik Karlsson            Paul Martin              

Last Minutes Defensive
   Center                   Left Wing                Right Wing               Defense                  Defense                  
   Jarret Stoll             Marcel Goc               Craig Adams              Travis Hamonic           Paul Martin              

Goaltenders
Starting : Braden Holtby            
Backup : Curtis McElhinney        

Extra Forwards
Normal : Joe Pavelski, Chris Kunitz, Jamie Benn - PP : Joe Pavelski, Chris Kunitz - PK : Jarret Stoll
Extra Defensemen
Normal : Paul Martin, Travis Hamonic, Erik Karlsson - PP : Erik Karlsson - PK : Paul Martin, Travis Hamonic
Penalty Shots
Jarret Stoll, Chris Kunitz, Joe Pavelski, Tyler Ennis, Kyle Quincey

% Time on Ice - Stars

Lines # - Real PCT - Wanted PCT - Time Play
Normal Forward
1 - 23% - 35% - 9:20
2 - 31% - 30% - 12:41
3 - 30% - 22% - 12:35
4 - 16% - 13% - 6:45
Normal Defense
1 - 28% - 35% - 11:36
2 - 32% - 30% - 13:11
3 - 29% - 22% - 11:50
4 - 11% - 13% - 4:44
PP Forward
1 - 58% - 60% - 4:33
2 - 42% - 40% - 3:14
PP Defense
1 - 43% - 60% - 3:20
2 - 57% - 40% - 4:27
PK Forward
1 - 88% - 60% - 7:33
2 - 12% - 40% - 1:03
PK Defense
1 - 53% - 60% - 4:34
2 - 47% - 40% - 4:02
PK3 Forward
1 - 0% - 60%
2 - 0% - 40%
PK3 Defense
1 - 0% - 60%
2 - 0% - 40%
44 Forward
1 - 100% - 60% - 1:30
2 - 0% - 40% - 0:00
44 Defense
1 - 82% - 60% - 1:14
2 - 18% - 40% - 0:16
Last Minute Offensive  - 0:46
Last Minute Defensive  - 0:00
Total
Forward - 60:00
Defense - 60:00

% Time on Ice - Islanders

Lines # - Real PCT - Wanted PCT - Time Play
Normal Forward
1 - 28% - 35% - 11:41
2 - 26% - 30% - 10:51
3 - 25% - 22% - 10:28
4 - 21% - 13% - 8:47
Normal Defense
1 - 34% - 37% - 14:07
2 - 34% - 32% - 14:24
3 - 29% - 28% - 12:16
4 - 2% - 3% - 1:00
PP Forward
1 - 58% - 60% - 4:58
2 - 42% - 40% - 3:38
PP Defense
1 - 72% - 60% - 6:10
2 - 28% - 40% - 2:26
PK Forward
1 - 85% - 60% - 6:37
2 - 15% - 40% - 1:10
PK Defense
1 - 55% - 60% - 4:17
2 - 45% - 40% - 3:30
PK3 Forward
1 - 0% - 60%
2 - 0% - 40%
PK3 Defense
1 - 0% - 60%
2 - 0% - 40%
44 Forward
1 - 100% - 60% - 1:30
2 - 0% - 40% - 0:00
44 Defense
1 - 100% - 60% - 1:30
2 - 0% - 40% - 0:00
Last Minute Offensive  - 0:00
Last Minute Defensive  - 0:20
Total
Forward - 60:00
Defense - 60:00

Play by Play

1st period


0:01 of 1st period - Brian Boyle wins face-off versus Joe Pavelski in neutral zone.
0:04 of 1st period - Slapshot by Daniel Cleary.
0:04 of 1st period - Shot Misses the Net.
0:26 of 1st period - Snap shot by Joe Pavelski.
0:26 of 1st period - Shot Blocked by Daniel Cleary.
1:04 of 1st period - Slapshot by David Krejci.
1:04 of 1st period - Shot Misses the Net.
1:16 of 1st period - Wrist shot by David Krejci.
1:16 of 1st period - Stopped by Robin Lehner with a rebound.
1:18 of 1st period - Snap shot by David Krejci.
1:18 of 1st period - Shot Misses the Net.
3:21 of 1st period - Slapshot by Cory Conacher.
3:21 of 1st period - Stopped by Braden Holtby with a rebound.
3:29 of 1st period - Slapshot by Patrick Eaves.
3:29 of 1st period - Stopped by Braden Holtby with a rebound.
3:43 of 1st period - Paul Martin is hit by Bruno Gervais.
3:52 of 1st period - Minor Penalty to Erik Karlsson for Hooking.
3:53 of 1st period - Jarret Stoll wins face-off versus Brian Boyle in Islanders zone.
4:08 of 1st period - Jarret Stoll is hit by John Moore and loses puck.
4:25 of 1st period - Joe Corvo is hit by Jarret Stoll.
5:08 of 1st period - Marcel Goc is hit by Michael Ryder and loses puck.
5:50 of 1st period - Wrist shot by Eric Brewer.
5:50 of 1st period - Stopped by Braden Holtby with a rebound.
5:52 of 1st period - Penalty to Erik Karlsson is over, Erik Karlsson is back on ice.
5:52 of 1st period - Slapshot by John Moore.
5:52 of 1st period - Shot Blocked by Paul Martin.
6:06 of 1st period - Kyle Quincey is hit by Rob Klinkhammer and loses puck.
6:31 of 1st period - Ian Cole is hit by Tyler Ennis and loses puck.
7:15 of 1st period - Carl Hagelin is hit by Ian Cole and loses puck.
7:52 of 1st period - Zach Sill is hit by David Krejci and loses puck.
8:19 of 1st period - Aaron Johnson is hit by Lauri Korpikoski and loses puck.
8:28 of 1st period - Rob Scuderi is hit by Daniel Cleary and loses puck.
9:25 of 1st period - Snap shot by Joe Pavelski.
9:25 of 1st period - Stopped by Robin Lehner with a rebound.
9:35 of 1st period - Slapshot by Joe Pavelski.
9:35 of 1st period - Stopped by Robin Lehner with a rebound.
9:40 of 1st period - Minor Penalty to Brett Ritchie for Tripping.
9:41 of 1st period - David Krejci wins face-off versus Michael Ryder in Stars zone.
9:51 of 1st period - Snap shot by Tyler Ennis.
9:51 of 1st period - Goal by Tyler Ennis - Stars : 0 - Islanders : 1.
9:52 of 1st period - Colton Sceviour wins face-off versus Zach Sill in neutral zone.
11:09 of 1st period - Wrist shot by Tyler Ennis.
11:09 of 1st period - Goal by Tyler Ennis - Stars : 0 - Islanders : 2.
11:10 of 1st period - Joe Pavelski wins face-off versus Erik Haula in neutral zone.
11:17 of 1st period - Snap shot by Joe Pavelski.
11:17 of 1st period - Shot Blocked by Aaron Johnson.
11:19 of 1st period - Wrist shot by Paul Martin.
11:19 of 1st period - Stopped by Robin Lehner with a rebound.
11:35 of 1st period - Backhand shot by Erik Haula.
11:35 of 1st period - Shot Blocked by Paul Martin.
12:20 of 1st period - Snap shot by Colton Sceviour.
12:20 of 1st period - Shot Blocked by Daniel Cleary.
12:44 of 1st period - Snap shot by Tyler Ennis.
12:44 of 1st period - Stopped by Robin Lehner with a rebound.
13:28 of 1st period - Wrist shot by Matt Martin.
13:28 of 1st period - Deflect By Zach Sill.
13:28 of 1st period - Shot Misses the Net.
13:28 of 1st period - Puck is out of play.
13:29 of 1st period - Marcel Goc wins face-off versus Erik Haula in Stars zone.
13:46 of 1st period - Erik Haula is hit by Matt Martin and loses puck.
13:57 of 1st period - Wrist shot by Rob Klinkhammer.
13:57 of 1st period - Stopped by Braden Holtby without a rebound.
13:58 of 1st period - Joe Pavelski wins face-off versus Michael Ryder in Islanders zone.
14:25 of 1st period - Slapshot by John Moore.
14:25 of 1st period - Stopped by Braden Holtby without a rebound.
14:26 of 1st period - Zach Sill wins face-off versus David Krejci in Islanders zone.
14:29 of 1st period - Snap shot by Patrick Eaves.
14:29 of 1st period - Stopped by Braden Holtby with a rebound.
14:33 of 1st period - Snap shot by Patrick Eaves.
14:33 of 1st period - Shot Blocked by Paul Martin.
14:35 of 1st period - Slapshot by Aaron Johnson.
14:35 of 1st period - Stopped by Braden Holtby without a rebound.
14:36 of 1st period - David Krejci wins face-off versus Cory Conacher in Islanders zone.
14:36 of 1st period - David Krejci is hit by Cory Conacher.
14:54 of 1st period - Wrist shot by Jamie Benn.
14:54 of 1st period - Shot Misses the Net.
14:57 of 1st period - Icing by Aaron Johnson.
14:58 of 1st period - Zach Sill wins face-off versus Joe Pavelski in Stars zone.
15:51 of 1st period - Travis Hamonic is hit by Daniel Cleary.
16:08 of 1st period - Erik Karlsson is hit by Brian Boyle and loses puck.
16:17 of 1st period - Wrist shot by Jamie Benn.
16:17 of 1st period - Stopped by Robin Lehner without a rebound.
16:18 of 1st period - Jarret Stoll wins face-off versus Rob Klinkhammer in Stars zone.
16:32 of 1st period - Snap shot by Colton Sceviour.
16:32 of 1st period - Shot Misses the Net.
16:34 of 1st period - Slapshot by Rob Scuderi.
16:34 of 1st period - Stopped by Robin Lehner with a rebound.
16:36 of 1st period - Slapshot by Jake Muzzin.
16:36 of 1st period - Shot Misses the Net.
16:38 of 1st period - Slapshot by Rob Scuderi.
16:38 of 1st period - Stopped by Robin Lehner with a rebound.
16:40 of 1st period - Slapshot by Jake Muzzin.
16:40 of 1st period - Stopped by Robin Lehner without a rebound.
16:41 of 1st period - Marcel Goc wins face-off versus Michael Ryder in Stars zone.
16:42 of 1st period - Slapshot by Erik Karlsson.
16:42 of 1st period - Shot Misses the Net.
16:44 of 1st period - Backhand shot by Craig Adams.
16:44 of 1st period - Deflect By Dmitry Orlov.
16:44 of 1st period - Shot Misses the Net.
16:44 of 1st period - Puck is out of play.
16:45 of 1st period - Marcel Goc wins face-off versus Michael Ryder in Stars zone.
17:10 of 1st period - Ian Cole is hit by Matt Martin and loses puck.
17:15 of 1st period - Wrist shot by Erik Karlsson.
17:15 of 1st period - Stopped by Robin Lehner without a rebound.
17:16 of 1st period - Chris Kunitz wins face-off versus Cory Conacher in Stars zone.
18:11 of 1st period - Rob Scuderi is hit by Rob Klinkhammer and loses puck.
18:24 of 1st period - Slapshot by Rob Klinkhammer.
18:24 of 1st period - Stopped by Braden Holtby with a rebound.
18:26 of 1st period - Slapshot by Rob Klinkhammer.
18:26 of 1st period - Stopped by Braden Holtby with a rebound.
19:04 of 1st period - Colton Sceviour is hit by Brian Boyle and loses puck.
Goals for this period are 0 for Stars vs 2 for Islanders.
Shots for this period are 9 for Stars vs 12 for Islanders.

2nd period


0:01 of 2nd period - Brian Boyle wins face-off versus Joe Pavelski in neutral zone.
0:12 of 2nd period - Snap shot by Daniel Cleary.
0:12 of 2nd period - Stopped by Braden Holtby with a rebound.
1:12 of 2nd period - Wrist shot by Patrick Eaves.
1:12 of 2nd period - Shot Misses the Net.
1:36 of 2nd period - Minor Penalty to Erik Haula for Roughing.
1:37 of 2nd period - Joe Pavelski wins face-off versus Michael Ryder in Stars zone.
1:54 of 2nd period - Wrist shot by Jamie Benn.
1:54 of 2nd period - Stopped by Robin Lehner with a rebound.
1:56 of 2nd period - Slapshot by Joe Pavelski.
1:56 of 2nd period - Shot Misses the Net.
2:10 of 2nd period - Backhand shot by Erik Karlsson.
2:10 of 2nd period - Stopped by Robin Lehner without a rebound.
2:11 of 2nd period - David Krejci wins face-off versus Michael Ryder in Stars zone.
3:36 of 2nd period - Penalty to Erik Haula is over, Erik Haula is back on ice.
3:51 of 2nd period - Brett Ritchie is hit by Lauri Korpikoski.
4:03 of 2nd period - Snap shot by Erik Haula.
4:03 of 2nd period - Shot Misses the Net.
4:05 of 2nd period - Slapshot by Brett Ritchie.
4:05 of 2nd period - Shot Blocked by Paul Martin.
4:27 of 2nd period - Jarret Stoll is hit by Zach Sill and loses puck.
4:56 of 2nd period - Slapshot by Matt Martin.
4:56 of 2nd period - Stopped by Robin Lehner with a rebound.
5:12 of 2nd period - Wrist shot by Marcel Goc.
5:12 of 2nd period - Deflect By Matt Martin.
5:12 of 2nd period - Stopped by Robin Lehner with a rebound.
5:14 of 2nd period - Wrist shot by Kyle Quincey.
5:14 of 2nd period - Stopped by Robin Lehner with a rebound.
5:35 of 2nd period - Miikka Salomaki is hit by Jamie Benn and loses puck.
5:42 of 2nd period - Travis Hamonic is hit by Brandon Kozun and loses puck.
5:49 of 2nd period - Michael Ryder is hit by David Krejci and loses puck.
6:10 of 2nd period - Wrist shot by Joe Pavelski.
6:10 of 2nd period - Stopped by Robin Lehner with a rebound.
6:12 of 2nd period - Wrist shot by Carl Hagelin.
6:12 of 2nd period - Stopped by Robin Lehner with a rebound.
6:56 of 2nd period - Minor Penalty to Erik Haula for Tripping.
6:57 of 2nd period - David Krejci wins face-off versus Zach Sill in Stars zone.
7:05 of 2nd period - Snap shot by Travis Hamonic.
7:05 of 2nd period - Stopped by Robin Lehner with a rebound.
7:07 of 2nd period - Slapshot by Travis Hamonic.
7:07 of 2nd period - Deflect By Tyler Ennis.
7:07 of 2nd period - Stopped by Robin Lehner with a rebound.
7:53 of 2nd period - Daniel Cleary is hit by Travis Hamonic and loses puck.
8:15 of 2nd period - Zach Sill is hit by Jake Muzzin and loses puck.
8:56 of 2nd period - Penalty to Erik Haula is over, Erik Haula is back on ice.
9:22 of 2nd period - Erik Haula is hit by Erik Karlsson and loses puck.
9:37 of 2nd period - Dmitry Orlov is hit by Paul Martin and loses puck.
9:42 of 2nd period - Slapshot by Lauri Korpikoski.
9:42 of 2nd period - Deflect By Colton Sceviour.
9:42 of 2nd period - Stopped by Robin Lehner with a rebound.
10:02 of 2nd period - Miikka Salomaki is hit by Matt Martin and loses puck.
10:38 of 2nd period - Craig Adams is hit by Zach Sill and loses puck.
10:53 of 2nd period - Wrist shot by Rob Klinkhammer.
10:53 of 2nd period - Shot Blocked by Craig Adams.
11:21 of 2nd period - Snap shot by Chris Kunitz.
11:21 of 2nd period - Deflect By Joe Pavelski.
11:21 of 2nd period - Shot Blocked by Aaron Johnson.
11:21 of 2nd period - Puck is out of play.
11:22 of 2nd period - Joe Pavelski wins face-off versus Miikka Salomaki in Stars zone.
11:27 of 2nd period - Snap shot by Joe Pavelski.
11:27 of 2nd period - Shot Blocked by Brian Boyle.
11:47 of 2nd period - Zach Sill is hit by Jarret Stoll and loses puck.
11:54 of 2nd period - Snap shot by Cory Conacher.
11:54 of 2nd period - Deflect By Travis Hamonic.
11:54 of 2nd period - Shot Misses the Net.
11:54 of 2nd period - Puck is out of play.
11:55 of 2nd period - Zach Sill wins face-off versus Jarret Stoll in Islanders zone.
12:26 of 2nd period - Wrist shot by Jarret Stoll.
12:26 of 2nd period - Shot Misses the Net.
14:23 of 2nd period - Marcel Goc is hit by Aaron Johnson and loses puck.
14:30 of 2nd period - Aaron Johnson is hit by Kyle Quincey and loses puck.
14:44 of 2nd period - Minor Penalty to Jarret Stoll for Interference.
14:45 of 2nd period - David Krejci wins face-off versus Brian Boyle in Islanders zone.
15:29 of 2nd period - Travis Hamonic is hit by Zach Sill and loses puck.
15:46 of 2nd period - Snap shot by John Moore.
15:46 of 2nd period - Shot Misses the Net.
15:48 of 2nd period - Snap shot by Daniel Cleary.
15:48 of 2nd period - Stopped by Braden Holtby with a rebound.
15:50 of 2nd period - Wrist shot by Michael Ryder.
15:50 of 2nd period - Shot Misses the Net.
15:52 of 2nd period - Wrist shot by Brian Boyle.
15:52 of 2nd period - Stopped by Braden Holtby without a rebound.
15:53 of 2nd period - David Krejci wins face-off versus Brian Boyle in Islanders zone.
16:01 of 2nd period - Off-side.
16:02 of 2nd period - David Krejci wins face-off versus Cory Conacher in neutral zone.
16:25 of 2nd period - Slapshot by Joe Corvo.
16:25 of 2nd period - Shot Misses the Net.
16:44 of 2nd period - Penalty to Jarret Stoll is over, Jarret Stoll is back on ice.
16:59 of 2nd period - Snap shot by Lauri Korpikoski.
16:59 of 2nd period - Shot Misses the Net.
17:01 of 2nd period - Slapshot by Lauri Korpikoski.
17:01 of 2nd period - Stopped by Robin Lehner without a rebound.
17:02 of 2nd period - Jarret Stoll wins face-off versus Erik Haula in Stars zone.
17:16 of 2nd period - Minor Penalty to Jarret Stoll for Hooking.
17:17 of 2nd period - Brian Boyle wins face-off versus David Krejci in Islanders zone.
17:27 of 2nd period - Slapshot by Eric Brewer.
17:27 of 2nd period - Deflect By Travis Hamonic.
17:27 of 2nd period - Goal by Eric Brewer - Stars : 1 - Islanders : 2.
17:28 of 2nd period - Joe Pavelski wins face-off versus Erik Haula in neutral zone.
17:38 of 2nd period - Snap shot by Erik Haula.
17:38 of 2nd period - Deflect By Rob Klinkhammer.
17:38 of 2nd period - Stopped by Braden Holtby without a rebound.
17:39 of 2nd period - Joe Pavelski wins face-off versus Erik Haula in Islanders zone.
17:50 of 2nd period - Snap shot by Joe Pavelski.
17:50 of 2nd period - Shot Misses the Net.
17:52 of 2nd period - Slapshot by Joe Pavelski.
17:52 of 2nd period - Stopped by Robin Lehner with a rebound.
17:54 of 2nd period - Slapshot by Carl Hagelin.
17:54 of 2nd period - Shot Misses the Net.
17:56 of 2nd period - Slapshot by Joe Pavelski.
17:56 of 2nd period - Stopped by Robin Lehner with a rebound.
18:14 of 2nd period - Snap shot by Joe Pavelski.
18:14 of 2nd period - Stopped by Robin Lehner with a rebound.
18:48 of 2nd period - Wrist shot by David Krejci.
18:48 of 2nd period - Shot Misses the Net.
18:51 of 2nd period - Minor Penalty to Eric Brewer for Holding.
18:52 of 2nd period - Michael Ryder wins face-off versus Jamie Benn in Stars zone.
19:10 of 2nd period - Off-side.
19:11 of 2nd period - Michael Ryder wins face-off versus Joe Pavelski in neutral zone.
19:24 of 2nd period - Snap shot by Joe Pavelski.
19:24 of 2nd period - Shot Misses the Net.
Goals for this period are 1 for Stars vs 0 for Islanders.
Shots for this period are 5 for Stars vs 14 for Islanders.

3rd period


0:01 of 3rd period - Jamie Benn wins face-off versus Michael Ryder in neutral zone.
0:51 of 3rd period - Penalty to Eric Brewer is over, Eric Brewer is back on ice.
0:53 of 3rd period - Wrist shot by David Krejci.
0:53 of 3rd period - Shot Misses the Net.
1:09 of 3rd period - Wrist shot by Tyler Ennis.
1:09 of 3rd period - Shot Misses the Net.
1:43 of 3rd period - Slapshot by Patrick Eaves.
1:43 of 3rd period - Stopped by Braden Holtby with a rebound.
1:45 of 3rd period - Wrist shot by Zach Sill.
1:45 of 3rd period - Stopped by Braden Holtby with a rebound.
1:57 of 3rd period - Snap shot by Cory Conacher.
1:57 of 3rd period - Shot Misses the Net.
1:59 of 3rd period - Backhand shot by Joe Corvo.
1:59 of 3rd period - Stopped by Braden Holtby with a rebound.
2:01 of 3rd period - Slapshot by John Moore.
2:01 of 3rd period - Stopped by Braden Holtby without a rebound.
2:02 of 3rd period - Marcel Goc wins face-off versus Erik Haula in Islanders zone.
2:07 of 3rd period - Erik Haula is hit by Matt Martin and loses puck.
2:30 of 3rd period - Snap shot by Marcel Goc.
2:30 of 3rd period - Stopped by Robin Lehner without a rebound.
2:31 of 3rd period - Zach Sill wins face-off versus Joe Pavelski in Stars zone.
2:52 of 3rd period - Wrist shot by Erik Karlsson.
2:52 of 3rd period - Shot Misses the Net.
2:54 of 3rd period - Slapshot by Erik Karlsson.
2:54 of 3rd period - Shot Blocked by Joe Corvo.
2:56 of 3rd period - Slapshot by Paul Martin.
2:56 of 3rd period - Stopped by Robin Lehner with a rebound.
2:58 of 3rd period - Slapshot by Erik Karlsson.
2:58 of 3rd period - Shot Misses the Net.
3:00 of 3rd period - Slapshot by Paul Martin.
3:00 of 3rd period - Shot Blocked by John Moore.
3:26 of 3rd period - Joe Corvo is hit by Jamie Benn and loses puck.
4:05 of 3rd period - Eric Brewer is hit by Jamie Benn and loses puck.
5:11 of 3rd period - Snap shot by Craig Adams.
5:11 of 3rd period - Shot Blocked by Ian Cole.
5:37 of 3rd period - Slapshot by Jake Muzzin.
5:37 of 3rd period - Stopped by Robin Lehner with a rebound.
5:46 of 3rd period - Minor Penalty to Jake Muzzin for Hooking.
5:47 of 3rd period - Jarret Stoll wins face-off versus Brian Boyle in Islanders zone.
6:29 of 3rd period - Icing by Joe Corvo.
6:30 of 3rd period - Craig Adams wins face-off versus Zach Sill in Stars zone.
6:31 of 3rd period - Slapshot by Paul Martin.
6:31 of 3rd period - Stopped by Robin Lehner with a rebound.
6:52 of 3rd period - Icing by John Moore.
6:53 of 3rd period - Jarret Stoll wins face-off versus Daniel Cleary in Stars zone.
7:46 of 3rd period - Penalty to Jake Muzzin is over, Jake Muzzin is back on ice.
7:56 of 3rd period - Icing by Eric Brewer.
7:57 of 3rd period - Joe Pavelski wins face-off versus Brian Boyle in Stars zone.
8:16 of 3rd period - Snap shot by Rob Klinkhammer.
8:16 of 3rd period - Deflect By Brett Ritchie.
8:16 of 3rd period - Stopped by Braden Holtby without a rebound.
8:17 of 3rd period - Chris Kunitz wins face-off versus Rob Klinkhammer in Islanders zone.
8:17 of 3rd period - Chris Kunitz is hit by Ian Cole.
8:29 of 3rd period - Wrist shot by Chris Kunitz.
8:29 of 3rd period - Shot Misses the Net.
8:30 of 3rd period - Minor Penalty to Brett Ritchie for Hooking.
8:31 of 3rd period - Michael Ryder wins face-off versus Joe Pavelski in Stars zone.
8:59 of 3rd period - Minor Penalty to Joe Pavelski for Hooking.
9:00 of 3rd period - Michael Ryder wins face-off versus Chris Kunitz in Islanders zone.
9:07 of 3rd period - Slapshot by Brian Boyle.
9:07 of 3rd period - Stopped by Braden Holtby with a rebound.
9:21 of 3rd period - Wrist shot by Jamie Benn.
9:21 of 3rd period - Goal by Jamie Benn - Stars : 1 - Islanders : 3.
9:22 of 3rd period - Chris Kunitz wins face-off versus Michael Ryder in neutral zone.
9:25 of 3rd period - Eric Brewer is hit by Erik Karlsson and loses puck.
10:06 of 3rd period - Wrist shot by Rob Klinkhammer.
10:06 of 3rd period - Stopped by Braden Holtby with a rebound.
10:08 of 3rd period - Slapshot by Aaron Johnson.
10:08 of 3rd period - Shot Misses the Net.
10:10 of 3rd period - Slapshot by Aaron Johnson.
10:10 of 3rd period - Stopped by Braden Holtby with a rebound.
10:30 of 3rd period - Penalty to Brett Ritchie is over, Brett Ritchie is back on ice.
10:32 of 3rd period - Wrist shot by Rob Klinkhammer.
10:32 of 3rd period - Shot Misses the Net.
10:34 of 3rd period - Snap shot by Brett Ritchie.
10:34 of 3rd period - Shot Blocked by Paul Martin.
10:59 of 3rd period - Penalty to Joe Pavelski is over, Joe Pavelski is back on ice.
11:05 of 3rd period - Paul Martin is hit by Zach Sill and loses puck.
11:12 of 3rd period - Snap shot by Cory Conacher.
11:12 of 3rd period - Deflect By Patrick Eaves.
11:12 of 3rd period - Shot Misses the Net.
11:12 of 3rd period - Puck is out of play.
11:13 of 3rd period - Joe Pavelski wins face-off versus Zach Sill in Islanders zone.
12:20 of 3rd period - Snap shot by Lauri Korpikoski.
12:20 of 3rd period - Stopped by Robin Lehner with a rebound.
12:52 of 3rd period - Slapshot by Miikka Salomaki.
12:52 of 3rd period - Deflect By Jake Muzzin.
12:52 of 3rd period - Stopped by Braden Holtby with a rebound.
12:54 of 3rd period - Slapshot by Aaron Johnson.
12:54 of 3rd period - Stopped by Braden Holtby without a rebound.
12:55 of 3rd period - Brian Boyle wins face-off versus Joe Pavelski in Islanders zone.
13:07 of 3rd period - Wrist shot by Daniel Cleary.
13:07 of 3rd period - Stopped by Braden Holtby with a rebound.
13:09 of 3rd period - Wrist shot by Daniel Cleary.
13:09 of 3rd period - Stopped by Braden Holtby with a rebound.
13:39 of 3rd period - Slapshot by Erik Karlsson.
13:39 of 3rd period - Stopped by Robin Lehner without a rebound.
13:40 of 3rd period - Zach Sill wins face-off versus Marcel Goc in Stars zone.
13:40 of 3rd period - Zach Sill is hit by Erik Karlsson.
13:41 of 3rd period - Zach Sill from Stars is injured at 13:41 of 3rd period (Sore Right Knee).
13:42 of 3rd period - Brian Boyle wins face-off versus Joe Pavelski in Stars zone.
13:51 of 3rd period - Wrist shot by Daniel Cleary.
13:51 of 3rd period - Deflect By Brian Boyle.
13:51 of 3rd period - Stopped by Braden Holtby with a rebound.
13:53 of 3rd period - Wrist shot by Brian Boyle.
13:53 of 3rd period - Stopped by Braden Holtby with a rebound.
14:12 of 3rd period - Minor Penalty to Carl Hagelin for High sticking.
14:13 of 3rd period - Jarret Stoll wins face-off versus Rob Klinkhammer in Islanders zone.
14:48 of 3rd period - Off-side.
14:49 of 3rd period - Jarret Stoll wins face-off versus Brian Boyle in neutral zone.
15:00 of 3rd period - Slapshot by John Moore.
15:00 of 3rd period - Stopped by Braden Holtby with a rebound.
15:22 of 3rd period - Slapshot by Joe Corvo.
15:22 of 3rd period - Goal by Joe Corvo - Stars : 2 - Islanders : 3.
15:23 of 3rd period - Joe Pavelski wins face-off versus Rob Klinkhammer in neutral zone.
15:28 of 3rd period - Eric Brewer is hit by Joe Pavelski and loses puck.
15:37 of 3rd period - Snap shot by Joe Pavelski.
15:37 of 3rd period - Shot Misses the Net.
15:39 of 3rd period - Slapshot by Erik Karlsson.
15:39 of 3rd period - Stopped by Robin Lehner with a rebound.
15:41 of 3rd period - Slapshot by Joe Pavelski.
15:41 of 3rd period - Stopped by Robin Lehner with a rebound.
15:43 of 3rd period - Slapshot by Paul Martin.
15:43 of 3rd period - Shot Misses the Net.
15:45 of 3rd period - Slapshot by Erik Karlsson.
15:45 of 3rd period - Stopped by Robin Lehner without a rebound.
15:46 of 3rd period - David Krejci wins face-off versus Brian Boyle in Stars zone.
16:00 of 3rd period - Minor Penalty to John Moore for Interference.
16:01 of 3rd period - Joe Pavelski wins face-off versus Michael Ryder in Stars zone.
17:19 of 3rd period - Paul Martin is hit by Cory Conacher and loses puck.
18:00 of 3rd period - Penalty to John Moore is over, John Moore is back on ice.
18:02 of 3rd period - Snap shot by David Krejci.
18:02 of 3rd period - Shot Misses the Net.
18:04 of 3rd period - Snap shot by Tyler Ennis.
18:04 of 3rd period - Shot Blocked by Dmitry Orlov.
18:06 of 3rd period - Slapshot by Jake Muzzin.
18:06 of 3rd period - Stopped by Robin Lehner with a rebound.
18:33 of 3rd period - Snap shot by Jarret Stoll.
18:33 of 3rd period - Shot Blocked by Dmitry Orlov.
19:18 of 3rd period - Stars, Robin Lehner is pulled from the net.
19:30 of 3rd period - Eric Brewer is hit by Matt Martin and loses puck.
19:39 of 3rd period - Wrist shot by Daniel Cleary.
19:39 of 3rd period - Stopped by Braden Holtby without a rebound.
19:40 of 3rd period - Michel Therrien call a timeout for Stars.
19:40 of 3rd period - Jarret Stoll wins face-off versus Rob Klinkhammer in Islanders zone.
Goals for this period are 1 for Stars vs 1 for Islanders.
Shots for this period are 17 for Stars vs 11 for Islanders.


Output by the SimonT Hockey Simulator (STHS) for Eric Dolegowski -- Original Page W3C XHTML 1.0 Valid
Hockey Simulator - Hockey Simulation - Hockey Manager